 Dungeon Crawl Stone Soup version 0.26.1-2-gb8aa6d0cf2 (webtiles) character file.

Game seed: 240447894839103540

102 Qrupt the Skirmisher (level 4, 0/29 HPs)
             Began as a Tengu Abyssal Knight on Feb 16, 2021.
             Was a Follower of Lugonu.
             Slain by a hound (3 damage)
             ... while paralysed by Ijyb
             ... on level 3 of the Dungeon.
             The game lasted 00:05:00 (3227 turns).

Qrupt the Skirmisher (Tengu Abyssal Knight)         Turns: 3227, Time: 00:05:01

Health: 0/29       AC:  3    Str: 14    XL:     4   Next: 77%
Magic:  6/6        EV:  2    Int: 12    God:    Lugonu [*.....]
Gold:   111        SH:  0    Dex: 13    Spells: 3/3 levels left

rFire    . . .     SeeInvis .   a - +1 spear
rCold    . . .     Faith    .   (no shield)
rNeg     + . .     Spirit   .   b - +0 leather armour
rPois    .         Reflect  .   (helmet restricted)
rElec    .         Harm     .   (no cloak)
rCorr    .         Rampage  .   (no gloves)
Will     .....     Rnd*Tele +   (boots unavailable)
Stlth    +.........             (no amulet)
HPRegen  0.09/turn              d - ring of positive energy
MPRegen  0.10/turn              g - ring of teleportation (curse)

@: paralysed, attractive
A: beak, talons 3
a: Renounce Religion, Depart the Abyss


You were on level 3 of the Dungeon.
You worshipped Lugonu.
Lugonu was aware of your devotion.
You visited 1 branch of the dungeon, and saw 3 of its levels.
You visited the Abyss 1 time.

You collected 111 gold pieces.

Inventory:

Hand Weapons
 a - a +1 spear (weapon)
Missiles
 s - 6 poisoned darts (quivered)
Armour
 b - a +0 leather armour (worn)
Jewellery
 d - a ring of positive energy (left hand)
 g - a cursed ring of teleportation (right hand)
 p - an uncursed ring of wizardry
 r - a +4 ring of evasion
 t - a +6 ring of strength {unknown}
Scrolls
 c - 2 scrolls of magic mapping {unknown}
 e - a scroll of teleportation {unknown}
 f - 2 scrolls of remove curse {unknown}
 h - 3 scrolls of fear {unknown}
 k - 4 scrolls of identify {unknown}
 l - 2 scrolls of enchant armour {unknown}
 m - 3 scrolls of enchant weapon {unknown}
 o - 2 scrolls of fog {unknown}
 q - a scroll of immolation {unknown}
Potions
 i - a potion of curing


   Skills:
 + Level 3.7 Fighting
 + Level 3.2 Polearms
 + Level 3.2 Armour
 - Level 1.1 Dodging
 + Level 2.4 Invocations


You had 3 spell levels left.
You didn't know any spells.
Your spell library was empty.

Dungeon Overview and Level Annotations

Branches:
Dungeon (3/15)

Altars:

Annotations:
D:3 Ijyb


Innate Abilities, Weirdness & Mutations

You have a beak for a mouth.
You have claws for feet.


Message History

* * * LOW HITPOINT WARNING * * *
Ijyb zaps a wand.
You shrug off the repeated paralysis!
It was a potion of attraction.
You feel attractive to monsters. The hound misses you. Ijyb barely misses you.
The hound barely misses you. The hobgoblin is pulled toward you!
It was a potion of curing.
You feel better. The hobgoblin barely misses you. The hound closely misses you.
Ijyb hits you with a +4 club.
* * * LOW HITPOINT WARNING * * *
You hit the rat. You claw the rat.
You kill the rat!
Lugonu accepts your kill. The hound closely misses you.
The hobgoblin hits you with a +0 club.
* * * LOW HITPOINT WARNING * * *
Ijyb completely misses you. The hound closely misses you.
The hobgoblin barely misses you.
Ijyb zaps a wand.
You suddenly lose the ability to move!
The hound stops to sniff the ground.
The hound bites you.
You die...

..# ##.#######
.........
.........
#####.......? #.
#.g..........
#..###.###g###...
#.....<.gh........
####..[.@g.###...#
#......[# .#
#..!.?..#
#.......#
#.......#
#....[..#
#.......#
#.......#


You could see Ijyb, a hound and 2 hobgoblins.

Vanquished Creatures
  Jessica (D:2)
  2 gnolls (D:2)
  An adder (D:2)
  An ooze (D:2)
  A dart slug (D:1)
  A leopard gecko (D:1)
  3 bats (D:1)
  2 giant cockroaches
  3 goblins
  5 hobgoblins
  4 jackals (D:2)
  6 frilled lizards
  5 kobolds
  8 rats
43 creatures vanquished.

Notes
Turn   | Place    | Note
-------+----------+-------------------------------------------
     0 | Abyss:1  | Qrupt the Tengu Abyssal Knight began the quest for the Orb.
     0 | Abyss:1  | Reached XP level 1. HP: 14/14 MP: 3/3
    53 | Abyss:1  | Noticed a chaos spawn
    59 | Abyss:1  | Noticed a fire elemental
    64 | D:1      | Escaped the Abyss
   188 | D:1      | Reached XP level 2. HP: 11/19 MP: 4/4
   457 | D:1      | Reached * piety under Lugonu
  1093 | D:1      | Reached XP level 3. HP: 23/23 MP: 5/5
  1328 | D:2      | Noticed Jessica
  1340 | D:2      | Killed Jessica
  1390 | D:2      | Reached XP level 4. HP: 26/28 MP: 6/6
  3207 | D:3      | Noticed Ijyb
  3217 | D:3      | Paralysed by Ijyb for 5 turns
  3226 | D:3      | Paralysed by Ijyb for 2 turns
  3227 | D:3      | Slain by a hound

Illustrated notes

Levels and vault maps discovered:
D:1:      lightli_arrival_isolated_outpost, layout_basic, serial_bayou_ford_a,
          minmay_misc_feat_square
D:2:      layout_loops_ring, uniq_jessica
D:3:      layout_basic, uniq_terence, uniq_ijyb

Skill      XL: |  1  2  3 |
---------------+----------+-----
Invocations    | 2 |  2.4
Polearms       | 3 |  3.2
Armour         | 3 |  3.2
Fighting       | |  3.7
Dodging        | |  1.1

Action                   |  1- 3 |  4- 6 || total
-------------------------+-------+-------++-------
Melee: Spear             |    64 |    52 ||   116
       Kick              |    10 |     7 ||    17
       Peck              |     6 |     4 ||    10
Throw: Dart              |       |    16 ||    16
Invok: Depart the Abyss  |     1 |       ||     1
  Use: Potion            |       |     3 ||     3
 Stab: Sleeping          |     1 |     1 ||     2
Armor: Leather armour    |     9 |     9 ||    18
Dodge: Dodged            |    24 |    51 ||    75
